 Dungeon Sprint DCSS version bcrawl-1.26.1 (webtiles) character file.

Game seed: 4733083466395151593

2540385 Freyura the Bludgeoner (level 14, -3/100 HPs)
             Began as a Gargoyle Fighter on May 29, 2020.
             Was the Champion of the Shining One.
             Killed from afar by a frost giant (16 damage)
             ... with a freezing blast
             ... in the Dungeon (Sprint IX: "|||||||||||||||||||||||||||||") on July 2, 2020.
             The game lasted 00:19:04 (2406 turns).

Freyura the Bludgeoner (Gargoyle Fighter)           Turns: 2406, Time: 00:19:05

Health: -3/100     AC: 39    Str: 25    XL:     14   Next: 38%
Magic:  24/24      EV: 14    Int: 10    God:    the Shining One [******]
Gold:   1750       SH: 26    Dex: 13    Spells: 13/13 levels left

rFire    . . .     SeeInvis .   x - +10 morningstar "Eos" {elec, Halo rElec}
rCold    + . .     Gourm    .   c - +0 medium shield
rNeg     + + +     Faith    .   F - +2 plate armour
rPois    ∞         Spirit   .   v - +0 helmet
rElec    +         Reflect  .   r - +2 cloak
rCorr    .         Harm     .   (no gloves)
MR       +....     NoTele   +   u - +2 pair of boots
Stlth    ..........             (no amulet)
HPRegen  0.26/turn              p - +2 ring of evasion
MPRegen  0.19/turn              q - +3 ring of strength

@: divine shield, glowing
A: big wings, blurry vision 1, cold resistance 1, negative energy resistance 1,
electricity resistance, strong 1, unbreathing, petrification resistance, rot
immunity, AC +10
a: Fly, Divine Shield, Cleansing Flame, Summon Divine Warrior, Brand Weapon With
Holy Wrath, Renounce Religion


You were in the Dungeon.
You worshipped the Shining One.
The Shining One was exalted by your worship.
You were hungry.

You visited 1 branch You collected 1922 gold pieces.
You spent 172 gold pieces at shops.

Inventory:

Hand Weapons
 t - a +4 dire flail of crushing
 x - the +10 morningstar "Eos" (weapon) {elec, Halo rElec}
   (You found it in the Dungeon)

   Occasionally, upon striking a foe, it will discharge some electrical energy
   and cause terrible harm.
   It insulates you from electricity.
Missiles
 l - a throwing net (quivered) {!f}
Armour
 c - a +0 medium shield (worn)
 r - a +2 cloak (worn)
 u - a +2 pair of boots (worn)
 v - a +0 helmet (worn)
 F - a +2 plate armour (worn)
Jewellery
 g - an uncursed ring of protection from cold
 p - a +2 ring of evasion (left hand)
 q - a +3 ring of strength (right hand)
Wands
 a - a wand of digging (7)
 o - a wand of acid (10)
Scrolls
 j - a scroll of fear
 k - a scroll of blinking
 m - 4 scrolls of remove curse
 n - 2 scrolls of amnesia
 C - a scroll of fog
 D - 4 scrolls of enchant weapon
 E - a scroll of identify
Potions
 d - 3 potions of heal wounds
 f - 6 potions of curing
 h - 3 potions of haste
 i - 6 potions of magic
 s - a potion of flight {unknown}
 A - a potion of might
 B - a potion of brilliance
Comestibles
 b - 3 chunks of flesh
 e - 13 rations {!d}


   Skills:
 + Level 16.4 Fighting
 * Level 20.0 Maces & Flails
 + Level 16.3 Armour
 + Level 12.9 Dodging
 + Level 16.4 Shields
 + Level 14.6 Invocations


You had 13 spell levels left.
You didn't know any spells.
Your spell library was empty.

Dungeon Overview and Level Annotations

Branches:
Dungeon (1/1)

Altars:
Cheibriados
Dithmenos
Elyvilon
Fedhas
Gozag
Hepliaklqana
Kikubaaqudgha
Lugonu
Makhleb
Nemelex Xobeh
Okawaru
Qazlal
Ru
Sif Muna
Trog
Uskayaw
Vehumet
Wu Jian
Xom
Yredelemnul
Zin
The Shining One
Beogh
Jiyva

Shops:
D (([*


Innate Abilities, Weirdness & Mutations

You are resistant to torment.
Your stone body is resilient. (AC +10)
You are immune to poison.
Your large and strong wings let you fly indefinitely.
You resist negative energy. (rN+)
You are resistant to electric shocks. (rElec)
You can survive without breathing.
You are immune to petrification.
You are immune to rotting.
Scrolls take you a little longer to read.
Your flesh is cold resistant. (rC+)
Your muscles are strong. (Str +2)


Message History

You sock the ice dragon!
The ice dragon is severely wounded.
The frost giant points at you and mumbles some strange words.
The bolt of cold hits the ice dragon!
The ice dragon resists.
You resist. The bolt of cold hits you!! The Shining One protects you from harm!
You block the ice dragon's attack. x3
You puncture the ice dragon!
The ice dragon is almost dead.
The frost giant casts a spell at you.
The bolt of cold hits the ice dragon.
The ice dragon resists.
The bolt of cold misses you.
The spriggan air mage waves its arms in wide circles.
The air twists around and strikes you. You block the ice dragon's attack. x2
The ice dragon tramples you but does no damage.
You impale the ice dragon!!
You kill the ice dragon!
The frost giant points at you and mumbles some strange words.
The freezing blast explodes!
You resist. The freezing blast engulfs you!
You die...

.......'.===.)))).).).[[..[[[[...
▓▓▓▓▓▓▓▓▓▓▓▓▓▓▓▓▓▓▓▓▓▓▓▓▓▓▓▓▓▓▓▓▓
.................................
▓▓▓▓▓▓▓▓▓▓▓▓▓▓▓▓▓▓▓▓▓▓▓▓▓▓▓▓▓▓▓▓▓
.............'))..)†.).'.....†.†.
▓▓▓▓▓▓▓▓▓▓▓▓▓▓▓▓▓▓▓▓▓▓▓▓▓▓▓▓▓▓▓▓▓
.................................
▓▓▓▓▓▓▓▓▓▓▓▓▓▓▓▓▓▓▓▓▓▓▓▓▓▓▓▓▓▓▓▓▓
...............'@†CTCiR...
▓▓▓▓▓▓▓▓▓▓▓▓▓▓▓▓▓▓▓▓▓▓▓▓▓▓


You could see a frost giant, a stone giant, a rakshasa, a spriggan air mage and
a deep troll shaman.

Vanquished Creatures
  Agnes (D)
  Donald (D)
  An emperor scorpion (D)
  A stone giant (D)
  A very ugly thing (D)
  A fire dragon (D)
  Urug (D)
  2 rakshasas (D)
  A yaktaur captain (D)
  4 ice dragons (D)
  3 centaur warriors (D)
  A ghost crab (D)
  An alligator snapping turtle (D)
  Erica (D)
  2 ogre magi (D)
  2 deep troll earth magi (D)
  8 two-headed ogres (D)
  A tengu warrior (D)
  An orc high priest (D)
  A sea snake (D)
  A spriggan berserker (D)
  Sonja (D)
  A death drake (D)
  A glowing orange brain (D)
  An orange crystal statue (D)
  A swamp dragon (D)
  A cyclops (D)
  4 lindwurms (D)
  An orc knight (D)
  A deep elf mage (D)
  3 wolf spiders (D)
  2 mana vipers (D)
  2 manticores (D)
  A guardian serpent (D)
  A salamander (D)
  5 black mambas (D)
  2 merfolk sirens (D)
  A naga mage (D)
  6 cane toads (D)
  A rime drake (D)
  A yaktaur (D)
  A demonic crawler (D)
  2 kobold demonologists (D)
  A queen bee (shapeshifter) (D)
  A jumping spider (D)
  A merfolk (D)
  3 tyrant leeches (D)
  A wind drake (D)
  3 slime creatures (D)
  A blink frog (D)
  A bog body (D)
  2 redbacks (D)
  A wyvern (D)
  Grum (D)
  A basilisk (D)
  A yak (D)
  2 crocodiles (D)
  5 porcupines (D)
  9 orc warriors (D)
  A phantom (D)
  A centaur (D)
  A wolf (D)
  4 ogres (D)
  A big kobold (D)
  2 bullfrogs (D)
  A scorpion (D)
  A killer bee (D)
  A howler monkey (D)
  5 orc wizards (D)
  A jelly (D)
  4 orc priests (D)
  A hound skeleton (D)
  2 adders (D)
  2 worms (D)
  A leopard gecko (D)
  8 orcs (D)
  2 bat skeletons (D)
  A bat zombie (D)
  2 hobgoblins (D)
  A bat (D)
  A kobold (D)
154 creatures vanquished.

Notes
Turn   | Place    | Note
-------+----------+-------------------------------------------
     0 | D        | Freyura the Gargoyle Fighter began the quest for the Orb.
     0 | D        | Reached XP level 1. HP: 14/14 MP: 1/1
    26 | D        | Noticed a phantom
    26 | D        | Noticed a jelly
    27 | D        | Reached skill level 3 in Maces & Flails
    27 | D        | Reached skill level 1 in Dodging
    27 | D        | Reached XP level 2. HP: 20/20 MP: 2/2
    38 | D        | Reached skill level 4 in Maces & Flails
    38 | D        | Reached XP level 3. HP: 18/24 MP: 3/3
    44 | D        | Killed a phantom
    44 | D        | Reached skill level 5 in Fighting
    44 | D        | Reached skill level 6 in Maces & Flails
    44 | D        | Reached skill level 5 in Armour
    44 | D        | Reached skill level 5 in Shields
    44 | D        | Reached XP level 4. HP: 24/31 MP: 4/4
    44 | D        | Reached XP level 5. HP: 28/35 MP: 5/5
    53 | D        | Found a roughly hewn altar of Beogh.
    53 | D        | Found a snail-covered altar of Cheibriados.
    53 | D        | Found a shadowy altar of Dithmenos.
    53 | D        | Found a white marble altar of Elyvilon.
    53 | D        | Found a blossoming altar of Fedhas.
    53 | D        | Found an opulent altar of Gozag.
    54 | D        | Found a hazy altar of Hepliaklqana.
    55 | D        | Found a viscous altar of Jiyva.
    56 | D        | Found an ancient bone altar of Kikubaaqudgha.
    57 | D        | Found a corrupted altar of Lugonu.
    58 | D        | Found a burning altar of Makhleb.
    59 | D        | Found a sparkling altar of Nemelex Xobeh.
    60 | D        | Found an iron altar of Okawaru.
    61 | D        | Found a stormy altar of Qazlal.
    62 | D        | Found a sacrificial altar of Ru.
    63 | D        | Found a shimmering blue altar of Sif Muna.
    64 | D        | Found a bloodstained altar of Trog.
    65 | D        | Found a hide-covered altar of Uskayaw.
    66 | D        | Found a radiant altar of Vehumet.
    67 | D        | Found an ornate altar of the Wu Jian Council.
    68 | D        | Found a shimmering altar of Xom.
    69 | D        | Found a basalt altar of Yredelemnul.
    70 | D        | Found a glowing silver altar of Zin.
    71 | D        | Found a glowing golden altar of the Shining One.
   149 | D        | Became a worshipper of the Shining One
   160 | D        | Noticed a bullfrog
   160 | D        | Noticed a bullfrog
   160 | D        | Noticed a cyclops
   160 | D        | Reached * piety under the Shining One
   160 | D        | Noticed a wyvern
   163 | D        | Killed a bullfrog
   163 | D        | Reached skill level 7 in Maces & Flails
   167 | D        | Killed a bullfrog
   167 | D        | Reached XP level 6. HP: 42/42 MP: 6/6
   170 | D        | Killed a cyclops
   170 | D        | Reached skill level 9 in Maces & Flails
   170 | D        | Reached skill level 5 in Dodging
   170 | D        | Reached XP level 7. HP: 49/49 MP: 7/7
   171 | D        | Killed a wyvern
   171 | D        | Reached skill level 10 in Maces & Flails
   171 | D        | Reached XP level 8. HP: 55/55 MP: 8/8
   206 | D        | Noticed a kobold demonologist
   206 | D        | Noticed a centaur warrior
   206 | D        | Reached ** piety under the Shining One
   206 | D        | Noticed a kobold demonologist
   214 | D        | Noticed an ice devil
   219 | D        | Killed a kobold demonologist
   223 | D        | Killed a centaur warrior
   223 | D        | Reached skill level 11 in Maces & Flails
   223 | D        | Reached XP level 9. HP: 61/61 MP: 8/12
   227 | D        | Killed a kobold demonologist
   227 | D        | Reached *** piety under the Shining One
   388 | D        | Noticed a cane toad
   388 | D        | Noticed a black mamba
   390 | D        | Reached **** piety under the Shining One
   391 | D        | Noticed a cane toad
   394 | D        | Killed a cane toad
   394 | D        | Reached skill level 10 in Fighting
   394 | D        | Reached skill level 12 in Maces & Flails
   394 | D        | Reached skill level 10 in Shields
   394 | D        | Reached skill level 5 in Invocations
   396 | D        | Reached skill level 10 in Armour
   400 | D        | Killed a black mamba
   403 | D        | Noticed a cane toad
   410 | D        | Reached XP level 10. HP: 68/68 MP: 11/14
   413 | D        | Killed a cane toad
   419 | D        | Killed a cane toad
   480 | D        | Noticed a cane toad
   480 | D        | Noticed a cane toad
   481 | D        | Reached skill level 13 in Maces & Flails
   485 | D        | Killed a cane toad
   486 | D        | Reached ***** piety under the Shining One
   491 | D        | Killed a cane toad
   514 | D        | Noticed a lindwurm
   514 | D        | Noticed a lindwurm
   514 | D        | Noticed a lindwurm
   525 | D        | Killed a lindwurm
   529 | D        | Noticed a lindwurm
   538 | D        | Killed a lindwurm
   538 | D        | Reached skill level 14 in Maces & Flails
   538 | D        | Reached XP level 11. HP: 46/75 MP: 17/17
   543 | D        | Killed a lindwurm
   547 | D        | Reached ****** piety under the Shining One
   551 | D        | Killed a lindwurm
   829 | D        | Noticed Erica
   830 | D        | Noticed Urug
   837 | D        | Killed Erica
   844 | D        | Killed Urug
   945 | D        | Reached skill level 15 in Maces & Flails
   987 | D        | Noticed an orc high priest
   998 | D        | Killed an orc high priest
  1006 | D        | Noticed an orc knight
  1023 | D        | Killed an orc knight
  1142 | D        | Found Oremebu's Weapon Emporium.
  1142 | D        | Noticed a two-headed ogre
  1142 | D        | Noticed a two-headed ogre
  1142 | D        | Noticed a two-headed ogre
  1142 | D        | Noticed a two-headed ogre
  1148 | D        | Noticed an ogre mage
  1149 | D        | Killed a two-headed ogre
  1149 | D        | Reached skill level 10 in Invocations
  1153 | D        | Killed a two-headed ogre
  1160 | D        | Killed a two-headed ogre
  1160 | D        | Reached skill level 10 in Dodging
  1160 | D        | Reached XP level 12. HP: 75/82 MP: 16/19
  1167 | D        | Killed a two-headed ogre
  1168 | D        | Found Zioq's Antique Weapon Shoppe.
  1173 | D        | Killed an ogre mage
  1173 | D        | Reached skill level 16 in Maces & Flails
  1177 | D        | Found Soget's Antique Armour Emporium.
  1179 | D        | Noticed a two-headed ogre
  1180 | D        | Found Linemie's Assorted Antiques.
  1180 | D        | Noticed a two-headed ogre
  1181 | D        | Noticed an ogre mage
  1183 | D        | Noticed a two-headed ogre
  1185 | D        | Killed a two-headed ogre
  1196 | D        | Killed an ogre mage
  1201 | D        | Killed a two-headed ogre
  1205 | D        | Killed a two-headed ogre
  1248 | D        | Bought a pair of glowing boots for 172 gold pieces
  1260 | D        | Identified a +0 pair of boots of running (You bought it in
                  | a shop in the Dungeon)
  1374 | D        | Noticed Grum
  1383 | D        | Killed Grum
  1402 | D        | Noticed Sonja
  1421 | D        | Killed Sonja
  1450 | D        | Found the +10 morningstar "Eos" {elec, Halo rElec}
  1455 | D        | Got the +6 dagger of Youthful Indiscretion {pain, rN++}
  1460 | D        | Found the +0 Maxwell's etheric cage {RegenMP+ *Contam rElec
                  | Stlth-}
  1465 | D        | Got the +3 leather armour of Lucidity {+Inv rF++ Dex-2
                  | Stlth+}
  1534 | D        | Gained mutation: Scrolls take you a little longer to read.
                  | [potion of mutation]
  1534 | D        | Gained mutation: Your large and strong wings let you fly
                  | indefinitely. [potion of mutation]
  1534 | D        | Gained mutation: Your muscles are strong. (Str +2) [potion
                  | of mutation]
  1534 | D        | Gained mutation: Your flesh is cold resistant. (rC+)
                  | [potion of mutation]
  1548 | D        | Noticed a centaur warrior
  1554 | D        | Killed a centaur warrior
  1559 | D        | Noticed a two-headed ogre
  1561 | D        | Noticed a brown very ugly thing
  1565 | D        | Noticed a rakshasa
  1569 | D        | Noticed a deep troll earth mage
  1572 | D        | Noticed a tengu warrior
  1574 | D        | Noticed a deep troll earth mage
  1579 | D        | Killed a brown very ugly thing
  1579 | D        | Reached skill level 17 in Maces & Flails
  1581 | D        | Killed a two-headed ogre
  1592 | D        | Killed a deep troll earth mage
  1597 | D        | Killed a tengu warrior
  1597 | D        | Reached XP level 13. HP: 13/90 MP: 20/22
  1607 | D        | Killed a rakshasa
  1867 | D        | Noticed Donald
  1877 | D        | Killed Donald
  1990 | D        | Reached skill level 18 in Maces & Flails
  2057 | D        | Reached skill level 15 in Fighting
  2057 | D        | Reached skill level 15 in Shields
  2061 | D        | Reached skill level 15 in Armour
  2075 | D        | Noticed an emperor scorpion
  2086 | D        | Killed an emperor scorpion
  2119 | D        | Reached skill level 19 in Maces & Flails
  2237 | D        | Upgraded the game from bcrawl-1.23 to bcrawl-1.26.1
  2257 | D        | Noticed Agnes
  2268 | D        | Killed Agnes
  2268 | D        | Mutation became permanent: Your large and strong wings let
                  | you fly indefinitely. [Gargoyle growth]
  2268 | D        | Gained mutation: Your large and strong wings let you fly
                  | indefinitely. [Gargoyle growth]
  2268 | D        | Reached XP level 14. HP: 99/99 MP: 24/24
  2349 | D        | Noticed a stone giant
  2372 | D        | Killed a stone giant
  2378 | D        | Noticed a frost giant
  2390 | D        | Noticed a stone giant
  2399 | D        | Reached skill level 20 in Maces & Flails
  2403 | D        | The Shining One protects you from harm!
  2404 | D        | The Shining One protects you from harm!
  2406 | D        | Killed from afar by a frost giant

Skill      XL: |  1  2  3  4  5  6  7  8  9 10 11 12 13 14 |
---------------+-------------------------------------------+-----
Maces & Flails | 3 4 6 7 9 10 11 12 14 15 17 19 20 | 20.0
Dodging        | 1 2 3 4 5 6 7 8 10 11 12 | 12.9
Fighting       | 4 5 6 8 9 10 11 12 14 15 16 | 16.4
Shields        | 4 5 6 8 9 10 11 13 14 15 16 | 16.4
Armour         | 4 5 6 8 9 10 11 12 14 15 16 | 16.3
Invocations    | 4 6 8 10 12 14 | 14.6

Action                   |  1- 3 |  4- 6 |  7- 9 | 10-12 | 13-15 || total
-------------------------+-------+-------+-------+-------+-------++-------
Melee: Flail             |    33 |       |       |       |       ||    33
       Dire flail        |       |     7 |    45 |   215 |       ||   267
       Morningstar       |       |       |       |    38 |   199 ||   237
Invok: Divine Shield     |       |       |     1 |     8 |     5 ||    14
  Use: Potion            |     1 |     1 |       |     5 |     2 ||     9
       Scroll            |       |       |     4 |     2 |     1 ||     7
  Eat: Chunk             |       |       |       |     3 |     3 ||     6
Armor: Scale mail        |    15 |       |       |       |       ||    15
       Plate armour      |       |     3 |    16 |    56 |    76 ||   151
Dodge: Dodged            |     8 |     2 |    11 |    68 |    45 ||   134
Block: Medium shield     |    10 |       |       |    28 |   171 ||   209
       Other             |       |       |     6 |    61 |       ||    67
